 Dungeon Crawl Stone Soup version 0.27.1-2-g3b301248ec (webtiles) character file.

Game seed: 12174779268363426826

111 Kinoniko the Cudgeller (level 4, -1/52 HPs)
             Began as a Demonspawn Berserker on Oct 1, 2021.
             Was a Believer of Trog.
             Killed by divine providence
             ... invoked by an orc priest
              (10 damage)
             ... on level 3 of the Dungeon.
             The game lasted 00:02:04 (2741 turns).

Kinoniko the Cudgeller (Demonspawn Berserker)       Turns: 2741, Time: 00:02:04

Health: -1/52      AC: 12    Str: 19    XL:     4   Next: 62%
Magic:  4/4        EV:  6    Int:  8    God:    Trog [**....]
Gold:   70         SH:  0    Dex: 12    Spells: 3/3 levels left

rFire    . . .     SeeInvis .   a - +0 mace
rCold    . . .     Faith    .   (no shield)
rNeg     . . .     Spirit   .   e - +0 plate armour
rPois    .         Reflect  .   (no helmet)
rElec    .         Harm     .   g - +0 cloak
rCorr    .         Rampage  .   (no gloves)
Will     .....                  c - +0 pair of boots
Stlth    ..........             (no amulet)
HPRegen  0.17/turn              i - ring of flight
MPRegen  0.09/turn              (no ring)

@: berserking (expiring), flying, very quick
A: hooves 2, foul stench 1
a: Renounce Religion, Berserk, Trog's Hand


You were on level 3 of the Dungeon.
You worshipped Trog.
Trog was pleased with you.
You visited 1 branch of the dungeon, and saw 3 of its levels.

You collected 70 gold pieces.

Inventory:

Hand Weapons
 a - a +0 mace (weapon)
Armour
 b - a +0 animal skin
 c - a +0 pair of boots (worn)
 e - a +0 plate armour (worn)
 g - a +0 cloak (worn)
 h - a +0 tower shield
Jewellery
 i - a ring of flight (left hand)
Scrolls
 d - 2 scrolls of magic mapping {unknown}
 f - a scroll of torment {unknown}
 k - 3 scrolls of identify {unknown}
Potions
 j - a potion of haste {unknown}
 l - a potion of curing {unknown}


   Skills:
 - Level 3.0 Fighting
 * Level 5.0 Maces & Flails
 - Level 1.7 Armour
 - Level 1.7 Dodging


You had 3 spell levels left.
You didn't know any spells.
Your spell library contained the following spells:

 Spells                   Type           Power      Damage    Failure   Level
 Corona                   Hex            0%         N/A       100%        1
 Foxfire                  Conj/Fire      0%         2x1d4     100%        1
 Ensorcelled Hibernation  Hex/Ice        0%         N/A       100%        2
 Conjure Flame            Conj/Fire      0%         6-21      100%        3
 Inner Flame              Hex/Fire       0%         N/A       100%        3
 Tukima's Dance           Hex            0%         N/A       100%        3


Dungeon Overview and Level Annotations

Branches:
Dungeon (3/15)

Altars:


Innate Abilities, Weirdness & Mutations

You have hoof-like feet.
You may rarely emit foul miasma when damaged in melee.


Message History

You feel yourself moving faster!
You feel mighty! The orc completely misses you.
You hit the orc.
The orc is heavily wounded.
The orc hits you but does no damage.
You sock the orc!
You kill the orc!
Trog accepts your kill.
Your plate armour prevents you from hitting the orc.
The orc is severely wounded.
The orc priest invokes the aid of Beogh against you.
Beogh smites you!
* * * LOW HITPOINT WARNING * * *
The orc hits you but does no damage.
You barely miss the orc.
The orc is severely wounded.
You barely miss the orc.
The orc is severely wounded.
The orc hits you but does no damage.
You hit the orc.
You kill the orc!
Trog accepts your kill.
Unknown command.
You barely miss the hobgoblin.
The hobgoblin hits you but does no damage.
You sock the hobgoblin!
You feel the power of Trog in you as your rage grows.
You kill the hobgoblin!
Trog accepts your kill. The orc hits you but does no damage.
Items here: )) [ †.
You closely miss the orc. You thump the orc!
You feel the power of Trog in you as your rage grows.
You kill the orc!
Trog accepts your kill.
Your Maces & Flails skill increases to level 5!
The orc priest mumbles some strange prayers to Beogh against you.
Beogh smites you!
You die...

...........#.##
#..<...........
#.............
#..........#
##..........#
.#...........#
.............# .
#.....@....# ..
##.##)#o.#.# #..
#.##.##.# #.#
#.......#.#
###..###.........#
#................#
##..#......>.....
##.#.######...##
##...# .#...


You could see an orc priest.

Vanquished Creatures
  Terence (D:2)
  2 adders
  2 dart slugs
  3 worms (D:2)
  4 orcs (D:3)
  2 ball pythons (D:1)
  8 bats
  5 endoplasms
  2 giant cockroaches (D:1)
  2 goblins (D:2)
  6 hobgoblins
  4 kobolds
  3 quokkas
  3 frilled lizards
  2 rats (D:1)
49 creatures vanquished.

Notes
Turn   | Place    | Note
-------+----------+-------------------------------------------
     0 | D:1      | Kinoniko the Demonspawn Berserker began the quest for the
                  | Orb.
     0 | D:1      | Reached XP level 1. HP: 18/18 MP: 1/1
   282 | D:1      | Reached skill level 3 in Maces & Flails
   456 | D:1      | Gained mutation: You may rarely emit foul miasma when
                  | damaged in melee. [demonic ancestry]
   456 | D:1      | Reached XP level 2. HP: 23/24 MP: 2/2
  1435 | D:2      | Gained mutation: You have large cloven feet. [demonic
                  | ancestry]
  1435 | D:2      | Reached XP level 3. HP: 29/29 MP: 3/3
  1667 | D:2      | Reached skill level 4 in Maces & Flails
  1707 | D:2      | Noticed Terence
  1719 | D:2      | Killed Terence
  1734 | D:2      | Reached ** piety under Trog
  1955 | D:2      | Gained mutation: You have hoof-like feet. [demonic
                  | ancestry]
  1955 | D:2      | Reached XP level 4. HP: 34/35 MP: 4/4
  2741 | D:3      | Reached skill level 5 in Maces & Flails
  2741 | D:3      | Killed from afar by an orc priest

Illustrated notes

Levels and vault maps discovered:
D:1:      eino_arrival_cavern_d, layout_basic, st_stairs_5, chequers_mini_garden
D:2:      layout_basic, hangedman_abyss_or_decor_lesser_grid,
          minmay_pentomino_u4, uniq_terence
D:3:      layout_rooms, general_overflow_altar, shapermc_ecumenical_altar_petra,
          minivault_5, st_stairs_9

Skill      XL: |  1  2  3  4 |
---------------+-------------+-----
Maces & Flails | 3 4 5 |  5.0
Fighting       | |  3.0
Armour         | |  1.7
Dodging        | |  1.7

Action                   |  1- 3 |  4- 6 || total
-------------------------+-------+-------++-------
Melee: Mace              |    98 |    64 ||   162
Invok: Berserk           |     1 |     2 ||     3
 Stab: Sleeping          |     1 |       ||     1
Armor: Animal skin       |    12 |       ||    12
       Plate armour      |    75 |    51 ||   126
Dodge: Dodged            |    42 |    24 ||    66
